 Dungeon Crawl Stone Soup version 0.25-a0-488-g03579ab (webtiles) character file.

Game seed: 7325840438183144442, levelgen mode: deterministic

1 Coldstonesans the Ducker (level 1, -2/11 HPs)
             Began as a Spriggan Abyssal Knight on Feb 10, 2020.
             Was an Initiate of Lugonu.
             Slain by a goblin (3 damage)
             ... on level 1 of the Dungeon.
             The game lasted 00:01:28 (254 turns).

Coldstonesans the Ducker (Spriggan Abyssal Knight)   Turns: 254, Time: 00:01:28

Health: -2/11      AC:  2    Str:  8    XL:     1   Next: 16%
Magic:  3/3        EV: 18    Int: 13    God:    Lugonu [......]
Gold:   23         SH:  0    Dex: 15    Spells: 0/0 levels left

rFire    . . .     SeeInvis +   a - +1 short sword
rCold    . . .     Gourm    .   (shield restricted)
rNeg     . . .     Faith    .   b - +0 robe
rPois    .         Spirit   .   (helmet restricted)
rElec    .         Reflect  .   (no cloak)
rCorr    .         Harm     .   (gloves unavailable)
MR       .....                  (boots unavailable)
Stlth    +.........             (no amulet)
HPRegen  0.03/turn              (no ring)
MPRegen  0.08/turn              (no ring)

@: very quick
A: very small, unfitting armour, see invisible, herbivore, speed 3, slow
metabolism 2
a: Renounce Religion


You were on level 1 of the Dungeon.
You worshipped Lugonu.
Lugonu was noncommittal.
You were not hungry.

You visited 1 branch of the dungeon, and saw 1 of its levels.
You visited the Abyss 1 time.

You collected 23 gold pieces.

Inventory:

Hand Weapons
 a - a +1 short sword (weapon)
 f - a +2 great sword of electrocution
Armour
 b - a +0 robe (worn)
 e - the +8 scale mail "Galotwe" {rPois rN+++ rCorr Dex-4, unknown}
   (You found it on level 3 of the Abyss)

   It affects your dexterity (-4).
   It protects you from poison.
   It renders you almost immune to negative energy.
   It provides partial protection from all sources of acid and corrosion.
   If you switch to wearing this armour, your AC will increase by 12 (2 -> 14).
 g - a +2 chain mail of cold resistance
Scrolls
 h - a scroll of identify {unknown}
 i - a scroll of teleportation {unknown}
Potions
 d - a potion of curing {unknown}
Comestibles
 c - a ration


   Skills:
 + Level 2.4 Fighting
 + Level 2.2 Short Blades
 * Level 3.5 Dodging
 + Level 0.1 Stealth
 + Level 1.8 Invocations


You couldn't memorise any spells.
You didn't know any spells.
Your spell library was empty.

Dungeon Overview and Level Annotations

Branches:
Dungeon (1/15)

Altars:


Innate Abilities, Weirdness & Mutations

You are very small and have problems with some larger weapons.
You are too small for most types of armour.
You have supernaturally acute eyesight. (SInv)
You are a herbivore.
You cover ground extremely quickly.
You need to consume almost no food.


Message History

You are too injured to fight recklessly!
You barely miss the goblin. The goblin misses you.
You closely miss the goblin. The goblin closely misses you.
You hit the goblin.
The goblin is heavily wounded.
The goblin closely misses you.
You barely miss the goblin.
The goblin is heavily wounded.
The goblin barely misses you.
You closely miss the goblin.
The goblin is heavily wounded.
The goblin hits you.
* * * LOW HITPOINT WARNING * * *
You hit the goblin.
The goblin is severely wounded.
The goblin closely misses you.
You barely miss the goblin.
The goblin is severely wounded.
The goblin hits you.
You die...

##.......## #..
#..###.........###...
#...................#
#........###.)......#
#.......# ##........
#.......# #........
#.......## ##.....[..
.#........###.........
......g@..............
.$....####...........^
.#### #############


You could see a goblin.

Vanquished Creatures
  A kobold (D:1)
1 creature vanquished.

Notes
Turn   | Place    | Note
-------+----------+-------------------------------------------
     0 | Abyss:1  | Coldstonesans the Spriggan Abyssal Knight began the quest
                  | for the Orb.
     0 | Abyss:1  | Reached XP level 1. HP: 11/11 MP: 3/3
   122 | Abyss:2  | Noticed a large abomination
   151 | Abyss:2  | Noticed a starcursed mass
   155 | Abyss:2  | Noticed a raiju
   164 | Abyss:3  | Got a heavily runed scale mail
   186 | Abyss:3  | Noticed an iron imp
   187 | Abyss:3  | Noticed a large abomination
   194 | Abyss:3  | Noticed a small abomination
   195 | Abyss:3  | Noticed a large abomination
   214 | Abyss:3  | Noticed a worldbinder
   220 | Abyss:3  | Noticed a large abomination
   220 | Abyss:3  | Noticed a tentacled starspawn
   225 | Abyss:3  | Noticed a small abomination
   228 | D:1      | Escaped the Abyss
   254 | D:1      | Slain by a goblin

Levels and vault maps discovered:
D:1:      minmay_arrival_four_circles, layout_basic

Action                   || total
-------------------------++-------
Melee: Short sword       ||    12
Invok: Depart the Abyss  ||     1
Dodge: Dodged            ||     7

Table legend:
 A = Non-vault XP
 B = Vault XP
 C = Vault XP percentage of total XP
 D = Non-vault monster count
 E = Vault monster count
 F = Vault count percentage of total count
                 A         B        C        D         E       F
            +---------+---------+-------+---------+---------+-------
      Total |       2 |       0 |   0.0 |       1 |       0 |   0.0
            +---------+---------+-------+---------+---------+-------
        D:1 |       2 |       0 |   0.0 |       1 |       0 |   0.0
            +---------+---------+-------+---------+---------+-------
